 Dungeon Crawl Stone Soup version 0.21-a0-583-g2c32b0f (webtiles) character file.

4 Firecrotchwizard the Poker (level 1, -1/18 HPs)
             Began as a Merfolk Berserker on Dec 20, 2017.
             Was a Follower of Trog.
             Slain by a ball python (2 damage)
             ... on level 1 of the Dungeon.
             The game lasted 00:00:37 (53 turns).

Firecrotchwizard the Poker (Merfolk Berserker)        Turns: 53, Time: 00:00:37

Health: -1/18      AC:  2    Str: 17    XL:     1   Next: 60%
Magic:  1/1        EV: 13    Int:  6    God:    Trog [*.....]
Gold:   0          SH:  0    Dex: 13    Spells: 0/0 levels left

rFire    . . .     SeeInvis .   a - +0 spear
rCold    . . .     Gourm    .   (no shield)
rNeg     . . .     Faith    .   b - +0 animal skin
rPois    .         Spirit   .   (no helmet)
rElec    .         Reflect  .   (no cloak)
rCorr    .         Harm     .   (no gloves)
MR       .....                  (no boots)
Stlth    +.........             (no amulet)
HPRegen  0.06/turn              (no ring)
MPRegen  0.07/turn              (no ring)

@: berserk cooldown, slowed, very slow
A: change form in water, swift swim, stealthy swim
a: Berserk, Burn Spellbooks, Renounce Religion


You were on level 1 of the Dungeon.
You worshipped Trog.
Trog was aware of your devotion.
You were not hungry.

You visited 1 branch of the dungeon, and saw 1 of its levels.

Inventory:

Hand Weapons
 a - a +0 spear (weapon)
 d - a +1 vampiric dagger {!w}
   (You took it off a kobold on level 1 of the Dungeon)
Armour
 b - a +0 animal skin (worn)
Comestibles
 c - a ration {@e1}
 f - 4 chunks of flesh {@w0}


   Skills:
 - Level 3.2 Fighting
 + Level 4.8 Polearms
 - Level 1.3 Armour
 - Level 2.6 Dodging


You couldn't memorise any spells.
You didn't know any spells.

Dungeon Overview and Level Annotations

Branches:
Dungeon (1/15)

Altars:


Message History

Welcome, Firecrotchwizard the Merfolk Berserker.
The bosom of this dungeon contains the fabled artefact, the Orb of Zot.
Trog says: Kill them all!
Found a staircase leading out of the dungeon.
A kobold comes into view. It is wielding a vampiric dagger.
The kobold shouts!
Found 17 gold pieces and a scroll labeled XUOMIXU RAISUMP.
Found an escape hatch in the floor.
There is a staircase leading out of the dungeon here.
No target in view!
No target in view!
A rat comes into view.
A bat comes into view.
You barely miss the rat. The rat bites you.
The kobold throws a stone.
The stone hits you.
You take 3 damage, and have 15/18 hp.
You barely miss the rat.
The kobold throws a stone.
The stone barely misses you. The rat barely misses you.
You hit the rat but do no damage. The rat closely misses you.
A hobgoblin comes into view. It is wielding a club.
You hit the kobold but do no damage. The kobold closely misses you.
The rat bites you.
You take 2 damage, and have 13/18 hp.
You hit the kobold. The kobold closely misses you. The rat closely misses you.
You hit the kobold.
You kill the kobold!
Trog accepts your kill. The bat closely misses you. The bat misses you.
The rat barely misses you.
You hit the bat. The bat closely misses you. The rat bites you.
The bat misses you.
You take 2 damage, and have 11/18 hp.
You barely miss the bat. The bat completely misses you.
The rat closely misses you.
You closely miss the hobgoblin. The hobgoblin hits you with a club.
You take 4 damage, and have 7/18 hp.
MASSIVE DAMAGE!!
The rat closely misses you.
The hobgoblin hits you but does no damage.
A red film seems to cover your vision as you go berserk!
You feel yourself moving faster!
You feel mighty!
You feel quite a bit more hungry. The rat barely misses you.
The hobgoblin hits you with a club.
* * * LOW HITPOINT WARNING * * *
You now have 5/27 hp.
Unknown command.
You closely miss the hobgoblin. The rat bites you.
* * * LOW HITPOINT WARNING * * *
You take 1 damage, and have 4/27 hp.
You closely miss the hobgoblin. The hobgoblin hits you with a club.
* * * LOW HITPOINT WARNING * * *
The rat misses you.
You take 1 damage, and have 3/27 hp.
You closely miss the hobgoblin. You closely miss the hobgoblin.
The rat completely misses you. The hobgoblin misses you.
You closely miss the hobgoblin. You barely miss the hobgoblin.
The rat barely misses you. The hobgoblin hits you with a club.
* * * LOW HITPOINT WARNING * * *
You take 3 damage, and have 1/27 hp.
You closely miss the hobgoblin. The rat completely misses you.
You puncture the hobgoblin!
You kill the hobgoblin!
Trog accepts your kill.
You puncture the rat!
You kill the rat!
Trog accepts your kill. The bat closely misses you.
The bat completely misses you.
You puncture the bat!
You kill the bat!
Trog accepts your kill.
d - a vampiric dagger {!w}
Things that are here:
a club; a hobgoblin corpse You butcher the hobgoblin corpse.
You feel a strong urge to attack something.
f - 4 chunks of flesh {@w0} You see here a club.
You are no longer berserk.
You are exhausted.
You feel yourself slow down.
You now have 1/18 hp.
You start resting.
A ball python comes into view.
You regained 2 hp, and now have 3/18 hp.
A ball python is nearby!
A ball python is nearby!
The ball python hisses angrily.
You see here a stone.
You hit the ball python.
The ball python bites you but does no damage.
The ball python barely misses you.
You closely miss the ball python. The ball python bites you.
* * * LOW HITPOINT WARNING * * *
The ball python barely misses you.
The ball python bites you but does no damage.
The ball python barely misses you.
You take 2 damage, and have 1/18 hp.
You hit the ball python. The ball python bites you.
You die...

#.... #
#.#.# #.
#.#.## ##?.
#....#
..$.# #)†.#
.....##(###
#.....<#
#.##(S##
#.@># ##.##
#.# ... ...
...#. ##.#.
#....


You could see a ball python.

Vanquished Creatures
  A hobgoblin (D:1)
  A kobold (D:1)
  A bat (D:1)
  A rat (D:1)
4 creatures vanquished.

Notes
Turn   | Place    | Note
-------+----------+-------------------------------------------
     0 | D:1      | Firecrotchwizard the Merfolk Berserker began the quest for the Orb.
     0 | D:1      | Reached XP level 1. HP: 18/18 MP: 1/1
    14 | D:1      | HP: 5/27 [hobgoblin/club (5)]
    20 | D:1      | HP: 1/27 [hobgoblin/club (3)]
    52 | D:1      | HP: 1/18 [ball python (2)]
    53 | D:1      | Slain by a ball python

Vault maps used:
D:1:      onia_arrival_handbag

Action                   || total
-------------------------++-------
Melee: Spear             ||    22
Invok: Berserk           ||     1
Armor: Animal skin       ||     2
Dodge: Dodged            ||    25

Table legend:
 A = Spawn XP
 B = Non-spawn XP
 C = Spawn XP percentage of total XP
 D = Spawn monster count
 E = Non-spawn monster count
 F = Spawn count percentage of total count
 G = Total turns spent on level
                    A         B        C        D         E        F      G
               +---------+---------+-------+---------+---------+-------+---------
         Total |       0 |       6 |   0.0 |       0 |       4 |   0.0 |    53
               +---------+---------+-------+---------+---------+-------+---------
           D:1 |       0 |       6 |   0.0 |       0 |       4 |   0.0 |    53
               +---------+---------+-------+---------+---------+-------+---------

Vault maps used:
D:1:      onia_arrival_handbag

Table legend:
 A = Turns spent in this place as a percentage of turns spent in the entire game.
 B = Non-inter-level travel turns spent in this place as a percentage of non-inter-level travel turns spent in the entire game.
 C = Inter-level travel turns spent in this place as a percentage of turns spent in this place.
 D = Turns resting spent in this place as a percentage of non-inter-level travel turns spent in this place.
 E = Turns spent auto-exploring this place as a percentage of non-inter-level travel turns spent in this place.
 F = Non-inter-level travel turns spent in this place divided by the number of levels of this place that you've seen.
                   A       B       C       D       E      F
               +-------+-------+-------+-------+-------+----------------------
         Total | 100.0 | 100.0 |   0.0 |  34.0 |   0.0 |  53.0
       Dungeon | 100.0 | 100.0 |   0.0 |  34.0 |   0.0 |  53.0
               +-------+-------+-------+-------+-------+----------------------

Table legend:
 A = Kills in this place as a percentage of kills in entire the game.
 B = Kills by you in this place as a percentage of kills by you in the entire game.
 C = Kills by friends in this place as a percentage of kills by friends in the entire game.
 D = Other kills in this place as a percentage of other kills in the entire game.
 E = Experience gained in this place as a percentage of experience gained in the entire game.
 F = Experience gained in this place divided by the number of levels of this place that you have seen.
                   A       B       C       D       E      F
               +-------+-------+-------+-------+-------+----------------------
         Total | 100.0 | 100.0 |   N/A |   N/A | 100.0 |   6.0
       Dungeon | 100.0 | 100.0 |   N/A |   N/A | 100.0 |   6.0
               +-------+-------+-------+-------+-------+----------------------
